 Dungeon Crawl Stone Soup: Circus Animals version 1.7-37-g2c94cca (webtiles) character file.

18468 DarthKuruptios the Fighter (level 14, 177/177 HPs) *STANDARD*
             Began as a Minotaur Fighter on Oct 18, 2016.
             Was a Priest of the Shining One.
             Quit the game on level 5 of the Orcish Mines.
             The game lasted 02:01:04 (24571 turns).

DarthKuruptios the Fighter (Minotaur Fighter)      Turns: 24571, Time: 02:01:05

Health: 177/177    AC: 23    Str: 27    XL:     14   Next: 72%
Magic:  75/75      EV: 14    Int:  6    God:    the Shining One [***...]
Gold:   2224       SH: 16    Dex: 10    Spells: 2 memorised, 7 levels left

rFire  + . .     rPois    .     E - +0 broad axe
rCold  . . .     rElec    .     n - +1 plate armour
rNeg   + . .     rCorr    .     c - +0 shield MagicSh . . . SeeInvis .
                                (helmet restricted) StaminaSh . . . Faith .
                                e - +1 cloak RegenHP ++++......
SustAt .                        (no gloves) RegenSP +++....... Dismiss .
                                s - +0 pair of boots {rF+} RegenMP +++....... Reflect .
                                (no amulet)
MR     ++...     Harm     .     b - +4 ring of evasion
Stlth  ..........               v - +6 ring of strength

@: focus, glowing, drained, slow, very resistant to hostile enchantments,
extremely unstealthy
A: retaliatory headbutt, horns 2, clumsy 1, weak 1
a: Divine Shield, Renounce Religion


You were on level 5 of the Orcish Mines.
You worshipped the Shining One.
The Shining One was most pleased with you.
You were not hungry.

You visited 3 branches of the dungeon, and saw 19 of its levels.
You also visited: Sewer and Volcano.

You collected 2913 gold pieces.
You spent 689 gold pieces at shops.

Inventory:

Hand Weapons
 a - a +1 war axe
 g - the +0 hand axe of Departure {chop, rElec rC+ Int-2 Dex+5}
   (You found it on level 5 of the Dungeon)

   It inflicts extra damage upon your enemies.
   It affects your intelligence (-2).
   It affects your dexterity (+5).
   It protects you from cold.
   It insulates you from electricity.
 h - the +4 Vampire's Tooth {vamp}
   (You found it on level 5 of the Dungeon)

   It inflicts no extra harm, but heals its wielder somewhat when it strikes a
   living foe.
   The Shining One disapproves of the use of such an item.
 r - the +4 long sword of Karma {speed, Int+2}
   (You found it on level 4 of the Lair of Beasts)

   Attacks with this weapon are significantly faster.
   It affects your intelligence (+2).
 E - a +0 broad axe (weapon)
Armour
 c - a +0 shield (worn)
 e - a +1 cloak (worn)
 n - a +1 plate armour (worn)
 s - a +0 pair of boots of fire resistance (worn)
Magical Staves
 o - an uncursed staff of time
 B - an uncursed staff of power
Jewellery
 b - a +4 ring of evasion (right hand)
 d - an uncursed ring of wizardry
 f - a +3 ring of protection
 i - an uncursed ring of protection from fire
 j - an uncursed ring of resist corrosion
 k - an uncursed ring of protection from fire
 t - an uncursed ring of protection from magic
 v - a +6 ring of strength (left hand)
 w - an uncursed ring of sustain attributes
 A - an uncursed ring of protection from magic
Wands
 l - a wand of iceblast (16/45)
 m - a wand of polymorph (9/24)
 p - a wand of confusion (15/48)
 u - a wand of acid (8/15)
 y - 2 wands of paralysis (13/24)
 z - a wand of flame (11/48)
 C - a wand of random effects (34/48)
 D - a wand of lightning (7/15)
Scrolls
 e - 6 scrolls of enchant weapon
 i - 4 scrolls of identify
 o - 5 scrolls of noise
 r - 2 scrolls of teleportation
 t - 5 scrolls of remove curse
 v - 6 scrolls of recharging
 A - a scroll of immolation
 C - 2 scrolls of amnesia
 E - a scroll of magic mapping
 F - 4 scrolls of fog
Potions
 a - a potion of might
 c - 7 potions of stamina
 d - 8 potions of magic
 f - 5 potions of ambrosia
 g - 4 potions of mutation
 h - 7 potions of agility
 k - 4 potions of brilliance
 l - 13 potions of curing
 m - 6 potions of lignification
 n - 4 potions of flight
 p - 9 potions of cancellation
 q - 3 potions of berserk rage
 s - 8 potions of haste
 u - a potion of invisibility
Books
 b - a book of the Dragon

   Spells                             Type                      Level
   a - Flame Tongue                   Fire                         1
   b - Cause Fear                     Hexes/Darkness               4
   c - Bolt of Fire                   Conjuration/Fire             6
   d - Dragon Form                    Fire/Transmutation           7
   e - Dragon's Call                  Summoning                    9
 j - a book of the Sky

   Spells                             Type                      Level
   a - Airstrike                      Air                          4
   b - Summon Lightning Spire         Summoning/Air                5
   c - Silence                        Hexes/Air/Darkness           5
   d - Deflect Missiles               Charms/Air                   6
   e - Conjure Ball Lightning         Conjuration/Translocation/Air 6
   f - Tornado                        Air                          9
 w - a book of Flames

   Spells                             Type                      Level
   a - Flame Tongue                   Fire                         1
   b - Conjure Flame                  Conjuration/Fire             3
   c - Inner Flame                    Hexes/Fire/Time              3
   d - Sticky Flame                   Conjuration/Fire/Time        4
   e - Fireball                       Conjuration/Fire/Light       5
   f - Bolt of Magma                  Conjuration/Fire/Earth       5
 x - a book of Spatial Translocations

   Spells                             Type                      Level
   a - Apportation                    Translocation                1
   b - Blink                          Translocation                2
   c - Shroud of Golubria             Charms/Translocation         2
   d - Portal Projectile              Translocation/Air            3
   e - Teleport Other                 Hexes/Translocation          3
   f - Passage of Golubria            Translocation/Air            4
 y - the Incunabulum of Conjuration
   (You found it on level 5 of the Dungeon)

   Spells                             Type                      Level
   a - Conjure Flame                  Conjuration/Fire             3
   b - Iskenderun's Battlesphere      Conjuration/Charms/Light     5
   c - Conjure Ball Lightning         Conjuration/Translocation/Air 6
 z - a Fen Folio

   Spells                             Type                      Level
   a - Corpse Rot                     Transmutation/Necromancy     2
   b - Stone Arrow                    Earth                        2
   c - Leda's Liquefaction            Hexes/Earth                  4
   d - Summon Forest                  Summoning/Translocation/Earth 5
   e - Hydra Form                     Transmutation/Air            6
   f - Summon Hydra                   Summoning                    7
 D - a book of Annihilations

   Spells                             Type                      Level
   a - Poison Arrow                   Conjuration/Poison           6
   b - Chain Lightning                Conjuration/Air              8
   c - Lehudib's Crystal Spear        Conjuration/Ice/Earth        8
   d - Glaciate                       Ice                          9
   e - Fire Storm                     Fire                         9
Miscellaneous
 q - a phantom mirror
 x - a fan of gales


   Skills:
 + Level 9.6(9.0) Fighting
 - Level 4.5(4.0) Short Blades
 + Level 9.3(8.7) Axes
 - Level 1.4(0.9) Throwing
 + Level 9.5(9.0) Armour
 * Level 3.5(3.0) Dodging
 + Level 9.3(8.8) Shields
 + Level 5.2(4.7) Translocations
 + Level 5.9(5.4) Air Magic
 - Level 6.9(6.4) Invocations


You had 7 spell levels left.
You knew the following spells:

 Your Spells              Type           Power        Failure   Level  Hunger
a - Blink                 Tloc           #.........   18%         2    ###....
b - Passage of Golubria   Tloc/Air       #.........   57%         4    ####...


Dungeon Overview and Level Annotations

Branches:
Dungeon (7/7)               Dwarf (0/4) Orc:4           Elf (0/4) Orc:3
   Lair (7/7) D:7             Orc (5/7) Lair:7       Shoals (0/4) Lair:2
  Snake (0/4) Lair:2        Swamp (0/4) Lair:2
 Spider: Orc:2-6

Altars:
Makhleb
Vehumet
The Shining One
Beogh

Shops:
D:4 *   Orc:4 :   Orc:5 *


Innate Abilities, Weirdness & Mutations

You reflexively headbutt those who attack you in melee.
You have a pair of horns on your head.
You are clumsy. (Dex -2)
You are weak. (Str -2)


Message History

There is a stone staircase leading down here.
Welcome back, DarthKuruptios the Minotaur Fighter.
You are playing the Standard difficulty mode, Classic experience mode The Shining One says: Lead the forces of light to victory!
Welcome back, DarthKuruptios the Minotaur Fighter.
You are playing the Standard difficulty mode, Classic experience mode The Shining One says: Lead the forces of light to victory!
Press ? for a list of commands and other information.
You block the orc warrior's attack.
The orc warrior hits you from afar with a glaive of protection! (hp-15)
You block the warg's attack. The warg bites you! (hp-7)
The orc warrior closely misses you. You furiously retaliate!
You headbutt the orc warrior, but do no damage.
You block the warg's attack.
The orc priest hits you but does no damage.
You climb upwards.
HP restored.
There is a stone staircase leading down here.
Welcome back, DarthKuruptios the Minotaur Fighter.
You are playing the Standard difficulty mode, Classic experience mode The Shining One says: Lead the forces of light to victory!
Press ? for a list of commands and other information.
Are you sure you want to abandon this character and quit the game? (Confirm with "yes".)

## ##.#
##...# ##
.#.....#.##
......y...
.........#
##..y.hOh##
..$.3.o@o.#
...##oh.o##
#oO..o.


##ooooO.. #oY.3....# o..YoO..#### o..oo...# ........## ooo..$ You could see an
orc knight, an orc high priest, 2 two-headed ogres, 2 chaos spawn, 3 wargs, an
orc sorcerer, 4 orc warriors, 2 ogres, 2 sheep, 2 killer bees, an orc priest and
6 orcs.

Vanquished Creatures
  Donald (Orc:3)
  A green death (Orc:3)
  2 catoblepae (Lair:7)
  4 hydras
  15 death yaks
  An orc knight (Orc:3)
  2 orc sorcerers
  4 griffons
  5 cyclopes (Orc:5)
  3 sirens (Lair:2)
  29 elephants
  20 black mambas
  A gargoyle (Volcano)
  A molten gargoyle (Volcano)
  15 spiny frogs
  9 komodo dragons
  7 rime drakes
  A meliai (Orc:5)
  7 polar bears
  Prince Ribbit (D:7)
  A boulder beetle (Lair:4)
  6 two-headed ogres
  Grinder (Sewer)
  25 blink frogs
  51 yaks
  7 basilisks
  2 wyverns
  A fire elemental (Volcano)
  9 hippogriffs
  A neqoxec (Orc:3)
  3 insubstantial wisps (Lair:2)
  A soldier ant (Lair:1)
  2 wargs
  19 water moccasins
  3 phantoms
  3 ice beasts
  8 black bears
  9 porcupines
  14 ogres
  20 orc warriors
  4 boggarts (Lair:6)
  2 wasps (Lair:1)
  18 wolves
  3 centaurs
  10 crocodiles
  4 big kobolds
  16 giant frogs
  A gnoll sergeant (Orc:5)
  Blork the orc (D:6)
  A water moccasin zombie (D:7)
  A scorpion (D:4)
  2 killer bees (Orc:5)
  2 vampire bats (D:5)
  3 wights (D:7)
  7 electric eels
  A howler monkey (D:4)
  A giant frog zombie (D:7)
  22 orc priests
  2 crimson imps
  2 quasits
  2 centaur skeletons
  A giant frog skeleton (D:5)
  2 gnoll shamans (Orc:5)
  4 hounds
  A jelly (D:6)
  Ijyb (D:3)
  13 iguanas
  24 orc wizards
  5 worker ants
  4 big kobold zombies (Sewer)
  49 sheep
  7 ufetubi (Sewer)
  2 hound skeletons
  A worker ant zombie (D:5)
  2 dart slugs
  A howler monkey skeleton (D:5)
  3 giant geckos
  An ooze (Sewer)
  204 orcs
  7 worms
  20 adders
  A bat zombie (Sewer)
  7 giant cockroaches
  25 gnolls
  14 goblins
  11 hobgoblins
  10 jackals
  6 quokkas
  66 river rats
  4 shadow imps
  4 adder skeletons
  An adder zombie (D:5)
  5 ball pythons
  17 bats
  2 giant cockroach zombies
  2 giant gecko skeletons
  A giant gecko zombie (D:5)
  10 giant newts
  21 kobolds
  2 kobold zombies (Sewer)
  A quokka skeleton (D:5)
  14 rats
  4 fungi
  3 plants
1003 creatures vanquished.

Vanquished Creatures (collateral kills)
  9 hydras
  A catoblepas (Lair:7)
  11 death yaks
  3 oklob plants (Lair:5)
  A griffon (Lair:7)
  14 elephants
  A black mamba (Lair:7)
  2 rime drakes
  2 komodo dragons (Lair:4)
  A boulder beetle (Lair:4)
  7 blink frogs
  4 yaks
  2 basilisks
  A steam dragon (Lair:3)
  A crocodile (Lair:3)
  3 giant frogs
  8 sheep
  10 river rats (Lair:4)
  2 fungi
83 creatures vanquished.

Vanquished Creatures (others)
  A siren (Lair:2)
  An elephant (Lair:3)
  An ogre (Orc:5)
  3 orc warriors
  2 orcs
  A fire vortex (Volcano)
  4 fungi
  6 plants
19 creatures vanquished.

Grand Total: 1105 creatures vanquished

Notes
Turn   | Place    | Note
-------+----------+-------------------------------------------
     0 | D:1      | DarthKuruptios the Minotaur Fighter began the quest for the Orb.
     0 | D:1      | Reached XP level 1. HP: 34/34 MP: 75/75
   477 | D:1      | Reached XP level 2. HP: 30/45 MP: 75/75
   765 | D:2      | Reached XP level 3. HP: 31/56 MP: 75/75
  1312 | D:3      | Reached XP level 4. HP: 66/67 MP: 75/75
  1433 | D:3      | Noticed Ijyb
  1445 | D:3      | Killed Ijyb
  1635 | D:3      | Found a glowing drain.
  1644 | Sewer    | Entered a sewer
  1775 | Sewer    | Found a burning altar of Makhleb.
  1805 | Sewer    | Became a worshipper of Makhleb the Destroyer
  1877 | Sewer    | Reached XP level 5. HP: 78/78 MP: 75/75
  1919 | Sewer    | Noticed Grinder
  1926 | Sewer    | Paralysed by Grinder for 3 turns
  1931 | Sewer    | Paralysed by Grinder for 6 turns
  1947 | Sewer    | Killed Grinder
  2274 | D:3      | Reached * piety under Makhleb
  2677 | D:4      | Found a faded altar of an unknown god.
  2988 | D:4      | Found Izodghyf's General Store.
  2991 | D:4      | Bought a potion of berserk rage for 65 gold pieces
  2991 | D:4      | Bought a scroll of teleportation for 39 gold pieces
  3594 | D:4      | Reached ** piety under Makhleb
  3954 | D:5      | Entered Level 5 of the Dungeon
  3978 | D:5      | Reached XP level 6. HP: 89/89 MP: 75/75
  4548 | D:5      | Reached *** piety under Makhleb
  4565 | D:5      | Identified the Incunabulum of Conjuration
  4571 | D:5      | Got a crystal hand axe
  4585 | D:5      | Identified the cursed +0 hand axe of Departure {chop, rElec rC+ Int-2 Dex+5} (You found it on level 5 of the Dungeon)
  5182 | D:5      | Learned a level 2 spell: Blink
  5278 | D:6      | Reached skill level 5 in Armour
  5384 | D:6      | Noticed Blork the orc
  5395 | D:6      | Killed Blork the orc
  5400 | D:6      | Reached **** piety under Makhleb
  5414 | D:6      | Reached skill level 5 in Shields
  5414 | D:6      | Reached XP level 7. HP: 100/100 MP: 75/75
  5755 | D:7      | Entered Level 7 of the Dungeon
  5805 | D:7      | Noticed Prince Ribbit
  6084 | D:7      | Killed Prince Ribbit
  6084 | D:7      | Reached skill level 5 in Fighting
  6084 | D:7      | Reached skill level 1 in Short Blades
  6084 | D:7      | Reached skill level 5 in Axes
  6084 | D:7      | Reached skill level 1 in Invocations
  6491 | D:7      | Found a staircase to the Lair.
  6723 | D:7      | Reached ***** piety under Makhleb
  7379 | Lair:1   | Entered Level 1 of the Lair of Beasts
  7592 | Lair:1   | Reached XP level 8. HP: 108/111 MP: 75/75
  7976 | Lair:1   | Reached XP level 9. HP: 115/122 MP: 75/75
  8781 | Lair:2   | Reached ****** piety under Makhleb
  9014 | Lair:2   | Reached XP level 10. HP: 112/133 MP: 75/75
  9263 | Lair:2   | Found a staircase to the Swamp.
  9280 | Lair:2   | Found a staircase to the Shoals.
  9326 | Lair:2   | Identified a scroll of acquirement
  9528 | Lair:2   | Found a staircase to the Snake Pit.
 10200 | Lair:2   | Learned a level 4 spell: Passage of Golubria
 10246 | Lair:3   | Noticed a three-headed hydra
 10323 | Lair:3   | Killed a seven-headed hydra
 10323 | Lair:3   | Reached skill level 1 in Air Magic
 10668 | Lair:3   | Reached skill level 1 in Translocations
 10693 | Lair:3   | Reached XP level 11. HP: 118/144 MP: 75/75
 11076 | Lair:3   | Noticed a three-headed hydra
 11089 | Lair:3   | Killed a seven-headed hydra
 11127 | Lair:3   | Noticed a three-headed hydra
 11752 | Lair:3   | Killed a 14-headed hydra
 12050 | Lair:3   | Noticed a three-headed hydra
 12065 | Lair:3   | Killed a three-headed hydra
 12583 | Lair:4   | Gained mutation: You are occasionally teleported next to monsters. [potion of mutation]
 12583 | Lair:4   | Lost mutation: You are occasionally teleported next to monsters. [potion of mutation]
 12583 | Lair:4   | Gained mutation: You are weak. (Str -2) [potion of mutation]
 12584 | Lair:4   | Lost mutation: You are weak. (Str -2) [potion of cure mutation]
 12887 | Lair:4   | Got an ichor-stained long sword
 12888 | Lair:4   | Identified the +4 long sword of Karma {speed, Int+2} (You found it on level 4 of the Lair of Beasts)
 12983 | Lair:4   | Noticed a death yak
 12983 | Lair:4   | Noticed a death yak
 12985 | Lair:4   | Noticed a death yak
 12986 | Lair:4   | Noticed a death yak
 12986 | Lair:4   | Noticed a death yak
 13475 | Lair:5   | Found a dark tunnel.
 13489 | Volcano  | Entered a volcano
 13825 | Lair:4   | Killed a death yak
 14146 | Lair:4   | Killed a death yak
 14146 | Lair:4   | Reached XP level 12. HP: 102/155 MP: 75/75
 14828 | Lair:5   | Found a glowing golden altar of the Shining One.
 15113 | Lair:5   | Reached skill level 5 in Invocations
 16690 | Lair:6   | Reached XP level 13. HP: 114/166 MP: 75/75
 18332 | Lair:6   | Gained mutation: You tend to lose your temper in combat. [potion of mutation]
 18332 | Lair:6   | Gained mutation: Scrolls take you a little longer to read. [potion of mutation]
 18332 | Lair:6   | Gained mutation: You regenerate magic rapidly. [potion of mutation]
 18333 | Lair:6   | Lost mutation: You regenerate magic rapidly. [potion of cure mutation]
 18333 | Lair:6   | Lost mutation: You tend to lose your temper in combat. [potion of cure mutation]
 18333 | Lair:6   | Lost mutation: Scrolls take you a little longer to read. [potion of cure mutation]
 18384 | Lair:7   | Entered Level 7 of the Lair of Beasts
 18623 | Lair:7   | Found a staircase to the Orcish Mines.
 18632 | Lair:7   | Reached skill level 5 in Air Magic
 19127 | Lair:7   | Reached XP level 14. HP: 144/177 MP: 75/75
 19917 | Lair:7   | Reached skill level 1 in Dodging
 19945 | Lair:7   | Reached skill level 5 in Translocations
 21416 | Orc:1    | Entered Level 1 of the Orcish Mines
 21498 | Lair:5   | Fell from the grace of Makhleb
 21498 | Lair:5   | Became a worshipper of the Shining One
 22341 | Orc:1    | Reached * piety under the Shining One
 22572 | Orc:3    | Noticed Donald
 22626 | Orc:3    | Killed Donald
 22728 | Orc:1    | Found a burning altar of Makhleb.
 23014 | Orc:3    | Found a staircase to the Elven Halls.
 23024 | Orc:3    | Found a roughly hewn altar of Beogh.
 23206 | Orc:4    | Found a radiant altar of Vehumet.
 23328 | Orc:3    | HP: 10/177 [orc knight/great sword (23)]
 23334 | Orc:3    | HP: 12/177 [poisoned by a green death (poison arrow)]
 23342 | Orc:3    | HP: 16/177 [poisoned by a green death (poison arrow)]
 23769 | Orc:4    | Found a staircase to the Dwarven Fortress.
 23810 | Orc:4    | Reached ** piety under the Shining One
 23816 | Orc:4    | Found Pel Meipt's Book Shoppe.
 24283 | Orc:5    | Found Aneghuf's Assorted Antiques.
 24285 | Orc:5    | Bought a potion of ambrosia for 240 gold pieces
 24285 | Orc:5    | Bought 2 potions of agility for 240 gold pieces
 24285 | Orc:5    | Bought a scroll of immolation for 105 gold pieces
 24449 | Orc:5    | Gained mutation: You are clumsy. (Dex -2) [a neqoxec]
 24453 | Orc:5    | Gained mutation: You are weak. (Str -2) [a neqoxec]
 24532 | Orc:5    | Noticed an orc warlord
 24532 | Orc:5    | Reached *** piety under the Shining One
 24571 | Orc:5    | Quit the game

Skill      XL: |  1  2  3  4  5  6  7  8  9 10 11 12 13 14 |
---------------+-------------------------------------------+-----
Shields        | 4 5 6 7 8 9 |  9.3
Armour         | 4 5 6 7 8 9 |  9.5
Axes           | 4 5 6 7 8 9 |  9.3
Fighting       | 4 5 6 7 8 9 |  9.6
Short Blades   | 2 3 4 |  4.5
Invocations    | 1 2 3 4 5 6 |  6.9
Air Magic      | 1 3 4 5 |  5.9
Translocations | 1 2 3 4 5 |  5.2
Dodging        | 3 |  3.5
Throwing       | |  1.4

Action                   |  1- 3 |  4- 6 |  7- 9 | 10-12 | 13-15 || total
-------------------------+-------+-------+-------+-------+-------++-------
Melee: War axe           |   211 |   395 |       |       |       ||   606
       Headbutt          |    19 |    81 |   179 |   321 |   394 ||   994
       Hand axe          |       |    82 |   676 |  1182 |  1361 ||  3301
       Broad axe         |       |       |       |       |    22 ||    22
 Cast: Blink             |       |       |     4 |    14 |     6 ||    24
Invok: Lesser Servant of |       |       |     1 |    27 |    21 ||    49
       Minor Destruction |       |       |       |     4 |     1 ||     5
       Major Destruction |       |       |       |     2 |       ||     2
  Use: Scroll            |     6 |     7 |     6 |     9 |     7 ||    35
       Potion            |       |     4 |     3 |    15 |     7 ||    29
 Stab: Sleeping          |       |       |     2 |       |       ||     2
       Distracted        |       |       |       |    11 |     8 ||    19
       Petrifying        |       |       |       |       |     2 ||     2
       Petrified         |       |       |       |       |     1 ||     1
Armor: Scale mail        |   103 |   294 |   130 |       |       ||   527
       Plate armour      |       |       |   177 |   866 |   854 ||  1897
Dodge: Dodged            |   116 |   236 |   341 |   872 |  1074 ||  2639
Block: Shield            |   150 |   305 |   491 |  1216 |  1819 ||  3981
